[Event "4th Baskent University Open 2019"]
[Site "Ankara"]
[Date "2019.06.22"]
[Round "9"]
[White "Uysal, Ugur"]
[Black "Sariali, Furkan Anil"]
[Result "1-0"]
[ECO "D46"]
[WhiteElo "1644"]
[BlackElo "1749"]
[Annotator "NA"]
[PlyCount "55"]
[EventDate "2019.06.18"]
[EventType "swiss"]
[EventCountry "TUR"]
[SourceTitle "playchess.com"]
[Source "ChessBase"]
[SourceQuality "1"]
[TimeControl "5400+30"]

1. Nf3 d5 2. d4 c6 3. c4 Nf6 4. Nc3 e6 5. e3 Nbd7 6. Qc2 Be7 7. Bd3 O-O 8. O-O a6 9. e4 dxe4 10. Nxe4 Nxe4 11. Bxe4 Nf6 12. Bf4 Nxe4 13. Qxe4 Re8 14. h3 f6 15. Rfd1 Qd7 16. c5 Qd5 17. Qe3 g5 18. Bh2 Kf7 19. b4 Bd7 20. Qc3 h5 21. Ne5+ Kg7 22. Qc2 f5 23. Nc4 Bd8 24. Be5+ Kh6 25. Re1 Rg8 26. Ne3 Qe4 27. Ng4+ Qxg4 28. hxg4 1-0

[Event "4th Baskent University Open 2019"]
[Site "Ankara"]
[Date "2019.06.22"]
[Round "9"]
[White "Sungu, Yagiz Kaan"]
[Black "Kanli, Alperen"]
[Result "1/2-1/2"]
[ECO "D05"]
[WhiteElo "1465"]
[BlackElo "1790"]
[Annotator "NA"]
[PlyCount "59"]
[EventDate "2019.06.18"]
[EventType "swiss"]
[EventCountry "TUR"]
[SourceTitle "playchess.com"]
[Source "ChessBase"]
[SourceQuality "1"]
[TimeControl "5400+30"]

1. Nf3 d5 2. e3 Nf6 3. d4 e6 4. Bd3 Bd6 5. O-O Nbd7 6. Nbd2 c5 7. b3 Qc7 8. Bb2 O-O 9. c4 cxd4 10. exd4 b6 11. Qc2 Bb7 12. cxd5 Qxc2 13. Bxc2 Nxd5 14. Nc4 Be7 15. Rfe1 Nf4 16. Be4 Bxe4 17. Rxe4 Nd5 18. Nfe5 N7f6 19. Re2 Rac8 20. Rc1 Rc7 21. a3 Rfc8 22. Rec2 Ne8 23. Ne3 Bg5 24. Rxc7 Nexc7 25. Nxd5 Bxc1 26. Ne7+ Kf8 27. Nxc8 Bxb2 28. Nxa7 Bxa3 29. Nd7+ Ke7 30. Nxb6 1/2-1/2